 Dungeon Crawl Stone Soup version 0.31-a0-222-gefeffbb62a (webtiles) character file.

Game seed: 1425381875911622535

104 qw the Shooter (level 4, -2/26 HPs)
             Began as a Gargoyle Hexslinger on July 5, 2023.
             Slain by a gnoll
             ... wielding a +0 spear
              (6 damage)
             ... on level 3 of the Dungeon.
             The game lasted 00:00:49 (1559 turns).

qw the Shooter (Gargoyle Hexslinger)                Turns: 1559, Time: 00:00:49

Health: -2/26      AC:  9    Str: 12    XL:     4   Next: 80%
Magic:  5/5        EV: 10    Int: 13    God:
Gold:   90         SH:  0    Dex: 14    Spells: 4/5 levels left

rFire   . . .        Y - +1 sling
rCold   . . .        (no shield)
rNeg    + . .        f - +0 ring mail
rPois   inf          (no helmet)
rElec   +            (no cloak)
rCorr   .            d - +0 pair of gloves
SInv    .            (no boots)
Will    .....        g - amulet of the acrobat
Stlth   +            (no ring)
HPRegen 0.24/turn    (no ring)
MPRegen 0.09/turn

%: acrobat
@: no status effects
A: sickness immunity, AC +3, negative energy resistance 1, electricity
resistance, torment resistance 1, petrification resistance
a: no special abilities


You were on level 3 of the Dungeon.
You visited 1 branch of the dungeon, and saw 3 of its levels.

You collected 90 gold pieces.


Innate Abilities, Weirdness & Mutations

You are immune to sickness and miasma.
Your stone body is resilient. (AC +3)
You are immune to poison.
You resist negative energy. (rN+)
You are resistant to electric shocks. (rElec)
You are resistant to unholy torment.
You are immune to petrification.


   Skills:
 - Level 2.3 Fighting
 + Level 4.2 Ranged Weapons
 - Level 1.0 Armour
 - Level 1.5 Dodging
 - Level 1.0 Spellcasting
 - Level 2.6 Hexes


You had 4 spell levels left.
You knew the following spells:

 Your Spells              Type           Power      Damage    Failure   Level
a - Slow                  Hex            28%        N/A       22%         1

Your spell library contained the following spells:

 Spells                   Type           Power      Damage    Failure   Level
 Inner Flame              Hex/Fire       4%         N/A       73%         3
 Portal Projectile        Hex/Tloc       8%         N/A       73%         3
 Cause Fear               Hex            3%         N/A       91%         4

Inventory:

Hand Weapons
 Y - a +1 sling (weapon)
Armour
 d - a +0 pair of gloves (worn)
 f - a +0 ring mail (worn)
Jewellery
 a - a ring of protection from cold
 g - an amulet of the acrobat (around neck)
Potions
 b - a potion of attraction {unknown}
 c - 2 potions of cancellation {unknown}
 e - a potion of enlightenment {unknown}
 h - a potion of resistance {unknown}

Dungeon Overview and Level Annotations

Branches:
Dungeon (3/15)

Altars:


Message History

Enter note:
Enter note: You shoot a sling bullet.
The sling bullet closely misses the gnoll. x2
A gnoll comes into view. It is wielding a +0 whip.
You shoot a sling bullet. The gnoll shouts!
The sling bullet hits the gnoll but does no damage.
You shoot a sling bullet.
The sling bullet barely misses the gnoll. x2
The sling bullet hits the gnoll.
The gnoll is moderately wounded.
You shoot a sling bullet. The sling bullet hits the gnoll.
The gnoll is lightly wounded.
The gnoll closely misses you.
The gnoll hits you with a +1 flail of pain.
You shoot a sling bullet.
The sling bullet barely misses the gnoll.
The sling bullet hits the gnoll.
The gnoll is lightly wounded.
The gnoll misses you. x2
You shoot a sling bullet. The sling bullet hits the gnoll.
The gnoll is lightly wounded.
The gnoll barely misses you. The gnoll hits you but does no damage.
The gnoll hits you from afar with a +0 spear.
You shoot a sling bullet. The sling bullet hits the gnoll.
The gnoll is heavily wounded.
The gnoll misses you. The gnoll barely misses you.
The gnoll closely misses you. The gnoll hits you with a +0 whip.
The gnoll closely misses you. The gnoll barely misses you.
The gnoll hits you from afar with a +0 spear.
You shoot a sling bullet. The sling bullet hits the gnoll.
The gnoll is heavily wounded.
The gnoll barely misses you.
The gnoll hits you with a +1 flail of pain.
The gnoll hits you from afar with a +0 spear. x2
You shoot a sling bullet. The sling bullet hits the gnoll!
You kill the gnoll!
The gnoll hits you from afar with a +0 spear.
You die...

7..#### #.... .......
#.#.# ......> . #.#.#
....... ..####.#.#
#####.# #........#
....... #....g...####.
#...##...
#......).#..........#...
#....gg@.#.##..#........
######.#.#.##..#........
#.#.#.##...........
#.#................
#.###........#####.
#...'..............
#####........####..
####......# #.#
#......###.#


You could see 3 gnolls.

Vanquished Creatures
  2 gnolls
  2 adders (D:2)
  3 worms
  2 dart slugs (D:1)
  8 endoplasms
  A giant cockroach (D:1)
  6 goblins
  4 hobgoblins
  4 jackals (D:1)
  5 kobolds
  5 quokkas
  2 ball pythons
  8 bats
  2 frilled lizards (D:2)
  3 rats
57 creatures vanquished.

Notes
Turn   | Place    | Note
-------+----------+-------------------------------------------
     0 | D:1      | qw the Gargoyle Hexslinger began the quest for the Orb.
     0 | D:1      | Reached XP level 1. HP: 12/12 MP: 2/2
     0 | D:1      | 0 ||| qw: Version: 0.3-a-46-gb1f654a
     0 | D:1      | 0 ||| qw: Game counter: 1053
     0 | D:1      | 0 ||| qw: Melee chars always use a shield: true
     0 | D:1      | 0 ||| qw: God list: Okawaru
     0 | D:1      | 0 ||| qw: Allow faded altars: false
     0 | D:1      | 0 ||| qw: Do Orc after clearing Dungeon:15 true
     0 | D:1      | 0 ||| qw: Do second Lair branch before Depths: true
     0 | D:1      | 0 ||| qw: Lair rune preference: random
     0 | D:1      | 0 ||| qw: Goals: Normal
     0 | D:1      | 0 ||| PLANNING D:1-11
   100 | D:1      | Reached XP level 2. HP: 16/16 MP: 3/3
   159 | D:1      | Reached skill level 3 in Ranged Weapons
   352 | D:1      | Reached XP level 3. HP: 11/21 MP: 4/4
   815 | D:1      | 815 ||| UPGRADING to +0 pair of gloves.
   820 | D:1      | 820 ||| UPGRADING to +0 ring mail.
   830 | D:1      | 830 ||| DROPPING +0 robe.
   831 | D:1      | 831 ||| UPGRADING to amulet of the acrobat.
   836 | D:1      | 836 ||| READING scroll labelled NIHADO GOMI.
   837 | D:1      | 837 ||| DROPPING scroll of poison.
   875 | D:2      | 875 ||| STAIRDANCE
   969 | D:2      | Reached XP level 4. HP: 26/26 MP: 5/5
   988 | D:2      | Reached skill level 1 in Armour
  1209 | D:2      | Reached skill level 4 in Ranged Weapons
  1407 | D:2      | 1407 ||| READING scroll labelled XIXA VAFAN.
  1558 | D:3      | HP: 5/26 [gnoll/+0 spear (2)]
  1559 | D:3      | Slain by a gnoll

Levels and vault maps discovered:
D:1:      dpeg_arrival_rooms_c, layout_loops_ring
D:2:      layout_rooms
D:3:      layout_basic, lemuel_crystal_altar, chequers_mini_garden,
          corexii_leaking_fountain

Skill      XL: |  1  2  3  4 |
---------------+-------------+-----
Ranged Weapons | 3 4 |  4.2
Fighting       | 2 |  2.3
Armour         | 1 |  1.0
Dodging        | |  1.5
Spellcasting   | |  1.0
Hexes          | |  2.6

Action                     |  1- 3 |  4- 6 || total
---------------------------+-------+-------++-------
   Fire: Sling             |   121 |   120 ||   241
    Use: Scroll            |     1 |     1 ||     2
 Armour: Robe              |    23 |       ||    23
         Ring mail         |     2 |    42 ||    44
  Dodge: Dodged            |    50 |    69 ||   119

Table legend:
 A = Non-vault XP
 B = Vault XP
 C = Vault XP percentage of total XP
 D = Non-vault monster count
 E = Vault monster count
 F = Vault count percentage of total count
                 A         B        C        D         E       F
            +---------+---------+-------+---------+---------+-------
      Total |     163 |       0 |   0.0 |      57 |       0 |   0.0
            +---------+---------+-------+---------+---------+-------
        D:1 |      75 |       0 |   0.0 |      30 |       0 |   0.0
        D:2 |      68 |       0 |   0.0 |      23 |       0 |   0.0
        D:3 |      20 |       0 |   0.0 |       4 |       0 |   0.0
            +---------+---------+-------+---------+---------+-------
